 Dungeon Crawl Stone Soup version 0.28-a0-674-gdaf460b524 (webtiles) character file.

Game seed: 10025206434073871876

332 pokeman the Magician (level 6, -3/34 HPs)
             Began as a Deep Elf Hedge Wizard on Oct 17, 2021.
             Killed by divine providence
             ... invoked by an orc priest
              (11 damage)
             ... on level 4 of the Dungeon.
             The game lasted 00:10:51 (5227 turns).

pokeman the Magician (Deep Elf Hedge Wizard)        Turns: 5227, Time: 00:10:52

Health: -3/34      AC:  5    Str:  7    XL:     6   Next: 26%
Magic:  3/18       EV: 12    Int: 21    God:
Gold:   217        SH:  0    Dex: 14    Spells: 8/19 levels left

rFire   . . .      SeeInvis .   b - +0 mace (protect)
rCold   . . .      Faith    .   (no shield)
rNeg    . . .      Spirit   .   f - +0 leather armour
rPois   .          Reflect  .   j - +0 helmet
rElec   .          Harm     .   (no cloak)
rCorr   .          Rampage  .   (no gloves)
Will    .....                   n - +0 pair of boots
Stlth   ++........              (no amulet)
HPRegen 0.11/turn               o - ring of flight
MPRegen 0.16/turn               (no ring)

@: flying
A: no striking features
a: no special abilities


You were on level 4 of the Dungeon.
You visited 1 branch of the dungeon, and saw 4 of its levels.

You collected 217 gold pieces.

Inventory:

Hand Weapons
 b - a +0 mace of protection (weapon)
Missiles
 k - 40 bolts
Armour
 f - a +0 leather armour (worn)
 j - a +0 helmet (worn)
 n - a +0 pair of boots (worn)
Jewellery
 o - a ring of flight (left hand)
Scrolls
 e - a scroll of blinking {unknown}
 g - a scroll of noise {unknown}
 i - a scroll of teleportation {unknown}
 l - 2 scrolls of identify {unknown}
Potions
 a - a potion of heal wounds {unknown}
 c - a potion of berserk rage {unknown}
 d - a potion of lignification {unknown}
 h - a potion of brilliance {unknown}
 m - a potion of magic {unknown}


   Skills:
 + Level 1.0 Fighting
 - Level 1.0 Armour
 - Level 3.0 Dodging
 - Level 3.2 Stealth
 * Level 7.0 Spellcasting
 + Level 3.1 Conjurations
 - Level 1.1 Summonings
 - Level 1.1 Translocations
 - Level 1.2 Fire Magic
 - Level 1.0 Air Magic
 + Level 0.9 Poison Magic


You had 8 spell levels left.
You knew the following spells:

 Your Spells              Type           Power      Damage    Failure   Level
a - Magic Dart            Conj           80%        1d7       3%          1
b - Mephitic Cloud        Conj/Pois/Air  14%        N/A       19%         3
c - Call Imp              Summ           11%        N/A       12%         2
d - Blink                 Tloc           N/A        N/A       12%         2
e - Conjure Flame         Conj/Fire      16%        6-21      16%         3

Your spell library contained the following spells:

 Spells                   Type           Power      Damage    Failure   Level
 Slow                     Hex            7%         N/A       19%         2


Dungeon Overview and Level Annotations

Branches:
Dungeon (4/15)
 Temple: D:4-7

Altars:
Gozag
Okawaru
Qazlal
Trog
Yredelemnul


Message History

Aiming: Magic Dart (safe; 3% risk of failure)
Press: ? - help, Shift-Dir - straight line, f - orc
Aim: an orc, wielding a +0 hand axe and wearing a +0 leather armour (wandering, hasn't noticed you, 100% to hit)
The magic dart hits the orc.
The orc is heavily wounded.
An orc priest comes into view. It is wielding a +0 hand axe.
Casting: Magic Dart (safe; 3% risk of failure)
Confirm with . or Enter, or press ? or * to list all spells.
Aiming: Magic Dart (safe; 3% risk of failure)
Press: ? - help, Shift-Dir - straight line, f/p - orc
Aim: an orc, wielding a +0 hand axe and wearing a +0 leather armour (heavily wounded, 100% to hit)
The magic dart hits the orc.
You kill the orc!
The orc priest shouts!
The orc priest mumbles some strange prayers to Beogh against you.
Beogh smites you!
You hear a shout!
Unknown command.
You hear a shout!
You see here a necrophage corpse.
Casting: Magic Dart (safe; 3% risk of failure)
Confirm with . or Enter, or press ? or * to list all spells.
You don't have enough magic to cast this spell.
An orc priest is nearby!
Unknown command.
Casting: Magic Dart (safe; 3% risk of failure)
Confirm with . or Enter, or press ? or * to list all spells.
You don't have enough magic to cast this spell.
Unknown command.
The orc priest mumbles some strange prayers to Beogh against you.
Beogh smites you!
You hear a shout!
The orc priest mumbles some strange prayers to Beogh against you.
Pain shoots through your body!
The orc priest invokes the aid of Beogh against you.
Pain shoots through your body!
* * * LOW HITPOINT WARNING * * *
The orc priest calls down the wrath of Beogh upon you.
Beogh smites you!
You die...

##..# ##.......##
##.##.# ###.# ##.....##
####.# #...# ##..>##
#.# #.##########'## #.#
#.# #........# #.# #.#
#.#####..# #.#
#.###.#####..## #.#
#........##...## #####
#.# #####.##.#..@..#
##...###.# #.#...#...##
#.###.##.# #.#...#..##
#.# #....#
#........#####.###.####
#..................#
#........#####.....#
###...##o# ##...##
#...##.# ##### ######.#


You could see an orc priest.

Vanquished Creatures
  A necrophage (D:4)
  A water moccasin skeleton (D:4)
  2 orc priests
  3 gnolls (D:3)
  An adder (D:2)
  An adder skeleton (D:4)
  3 dart slugs (D:1)
  14 orcs
  8 endoplasms
  3 giant cockroaches
  5 hobgoblins
  5 jackals
  4 quokkas
  7 ball pythons
  4 bats
  4 frilled lizards
  6 goblins
  5 kobolds
  4 rats (D:1)
81 creatures vanquished.

Notes
Turn   | Place    | Note
-------+----------+-------------------------------------------
     0 | D:1      | pokeman the Deep Elf Hedge Wizard began the quest for the
                  | Orb.
     0 | D:1      | Reached XP level 1. HP: 10/10 MP: 7/7
   409 | D:1      | Reached XP level 2. HP: 8/16 MP: 0/9
  1192 | D:1      | Reached skill level 5 in Spellcasting
  1246 | D:1      | Reached XP level 3. HP: 7/20 MP: 0/11
  1250 | D:1      | Learned a level 3 spell: Mephitic Cloud
  1253 | D:1      | Learned a level 2 spell: Call Imp
  1256 | D:1      | Learned a level 2 spell: Blink
  1260 | D:1      | Learned a level 3 spell: Conjure Flame
  1539 | D:1      | Found a faded altar of an unknown god.
  2500 | D:2      | Reached skill level 1 in Fighting
  2518 | D:2      | Reached skill level 1 in Armour
  2850 | D:2      | Found an opulent altar of Gozag.
  3155 | D:2      | Reached XP level 4. HP: 14/25 MP: 5/13
  3434 | D:3      | Reached skill level 1 in Fire Magic
  3654 | D:3      | Reached skill level 6 in Spellcasting
  3669 | D:3      | Reached XP level 5. HP: 29/29 MP: 1/15
  3977 | D:3      | Found a bloodstained altar of Trog.
  4226 | D:3      | Found a stormy altar of Qazlal.
  4226 | D:3      | Found a basalt altar of Yredelemnul.
  4474 | D:3      | Found an iron altar of Okawaru.
  4852 | D:4      | Reached skill level 1 in Air Magic
  5186 | D:4      | Noticed a necrophage
  5202 | D:4      | Killed a necrophage
  5203 | D:4      | Reached skill level 7 in Spellcasting
  5203 | D:4      | Reached XP level 6. HP: 34/34 MP: 1/18
  5227 | D:4      | Killed from afar by an orc priest

Illustrated notes

Levels and vault maps discovered:
D:1:      heliophobic_arrival_glass_houses, layout_basic,
          basic_ecumenical_altar, wander_ebering_terrifying_dragon_lair
D:2:      layout_basic, basic_altar
D:3:      layout_loops_ring, mainiacjoe_overflow_alcove_1,
          okawaru_metal_pillars_3, gammafunk_temple_overflow_statue,
          kennysheep_generic_room_7
D:4:      layout_loops_corners, marbit_many_paths

Skill      XL: |  1  2  3  4  5 |
---------------+----------------+-----
Spellcasting   | 5 6 7 |  7.0
Fighting       | 1 |  1.0
Armour         | 1 |  1.0
Conjurations   | 2 3 |  3.1
Fire Magic     | 1 |  1.2
Dodging        | 3 |  3.0
Air Magic      | 1 |  1.0
Stealth        | 3 |  3.2
Summonings     | |  1.1
Translocations | |  1.1
Poison Magic   | |  0.9

Action                   |  1- 3 |  4- 6 || total
-------------------------+-------+-------++-------
Melee: Dagger            |    10 |       ||    10
       Mace              |    20 |    42 ||    62
 Cast: Magic Dart        |   114 |    97 ||   211
       Mephitic Cloud    |     1 |     2 ||     3
       Blink             |     1 |       ||     1
       Call Imp          |       |     1 ||     1
       Conjure Flame     |       |     2 ||     2
 Stab: Sleeping          |     1 |       ||     1
       Confused          |       |     1 ||     1
Armor: Robe              |     3 |       ||     3
       Leather armour    |     9 |    22 ||    31
Dodge: Dodged            |    38 |    42 ||    80

Table legend: (Time is in decaauts)
 A = Elapsed time spent in this place.
 B = Non-inter-level travel time spent in this place.
 C = Inter-level travel time spent in this place.
 D = Time resting spent in this place.
 E = Time spent auto-exploring this place.
 F = Levels seen in this place.
 G = Mean time per level.
                   A        B        C        D        E       F      G
               +--------+--------+--------+--------+--------+-----+--------+
         Total |   5250 |   5112 |    138 |     76 |   4433 |   4 | 1312.5 |
       Dungeon |   5250 |   5112 |    138 |     76 |   4433 |   4 | 1312.5 |
               +--------+--------+--------+--------+--------+-----+--------+

Top non-repeatable levels by time:
     D:1: 2026 daAuts
     D:3: 1429 daAuts
     D:2: 1262 daAuts
     D:4: 532 daAuts
